Map: Nightshade LE

Players

Namshar - Winner!

  • Race: Zerg Zerg
  • League: Grandmaster
  • Spawn Location: 11:00

AGOElazer (Elazer)

  • Race: Zerg Zerg
  • League: Grandmaster
  • Spawn Location: 5:00

Event: StayAtHomestory Cup #1

VOD

Have the link to the VOD?

Description

Time

  • Played on: April 10, 2020, 7:27 a.m.
  • Length: 10:35

All games in this series

Show
View Real Time Build Order
Export as new Build Order

Namshar Zerg - Winner!

Build Orders: Hatch First 

Get SALT Encoding   

  12  0:00  Drone  
  13  0:12  Overlord  
  13  0:17  Drone  
  14  0:30  Drone x2  
  16  0:48  Hatchery  
  15  0:50  Drone  
  15  0:54  Drone  
  17  0:57  Drone  
  18  1:07  Extractor  
  17  1:13  Spawning Pool  
  17  1:16  Drone  
  17  1:19  Drone  
  18  1:28  Drone  
  19  1:38  Drone  
  20  1:49  Drone  
  21  2:00  Drone, Overlord, Queen x2  
  26  2:08  Metabolic Boost  
  26  2:11  Zergling x2  
  26  2:12  Drone  
  28  2:23  Drone  
  28  2:29  Drone  
  30  2:35  Drone  
  31  2:39  Hatchery  
  31  2:42  Zergling x2  
  31  2:45  Overlord  
  31  2:55  Drone  
  31  2:56  Drone  
  33  3:01  Zergling x2  
  33  3:05  Zergling x4  
  36  3:07  Zergling x2  
  36  3:08  Zergling x6  
  36  3:10  Zergling x2  
  36  3:11  Zergling x2  
  42  3:21  Baneling Nest  
  42  3:22  Evolution Chamber  
  42  3:25  Drone, Overlord  
  41  3:41  Zergling x6  
  43  3:47  Drone x2  
  45  3:56  Drone  
  45  3:58  Drone  
  45  4:02  Zerg Missile Weapons Level 1  
  43  4:04  Drone, Overlord  
  43  4:05  Drone x4  
  43  4:07  Baneling x2  
  43  4:08  Baneling x2  
  48  4:12  Zergling x4  
  50  4:18  Zergling x6  
  50  4:20  Queen  
  55  4:24  Extractor  
  55  4:29  Roach Warren  
  52  4:36  Drone x2  
  52  4:37  Drone  
  54  4:48  Drone  
  54  4:49  Drone  
  54  4:50  Overlord x4  
  56  4:54  Overlord  
  55  5:10  Roach x6  
  67  5:17  Roach x3  
  70  5:25  Roach x3  
  70  5:38  Roach x3  
  69  5:51  Roach x3  
  73  5:58  Roach  
  73  5:59  Overlord  
  73  6:00  Roach, Queen  
  73  6:01  Queen  
  79  6:09  Roach x2  
  83  6:14  Roach  
  83  6:20  Roach  
  83  6:25  Extractor  
  84  6:27  Roach x2  
  88  6:34  Roach  
  81  6:53  Lair, Drone  
  81  6:54  Drone x3  
  82  6:57  Drone x2  
  82  6:59  Extractor  
  82  7:00  Drone x2  
  82  7:01  Drone  
  87  7:05  Hatchery  
  86  7:10  Roach x2  
  90  7:18  Drone  
  90  7:19  Evolution Chamber  
  90  7:23  Zergling x4  
  90  7:25  Zergling x2  
  93  7:39  Overlord x3  
  93  7:43  Baneling x3  
  93  7:49  Baneling x2  
  93  7:52  Glial Reconstitution, Zerg Missile Weapons Level 2  
  93  7:56  Drone, Overlord x2  
  93  7:57  Drone x3  
  97  8:15  Drone x5  
  97  8:18  Drone  
  103  8:20  Overseer  
  103  8:23  Drone x2  
  105  8:32  Overlord x2  
  105  8:34  Roach x2  
  109  8:43  Roach x6  
  109  8:45  Hatchery  
  109  8:46  Extractor  
  119  8:56  Drone x2  
  119  8:57  Drone  
  119  8:58  Overlord  
  119  9:00  Roach  
  119  9:01  Roach x4  
  129  9:19  Roach x11  
  129  9:23  Roach x2  
  155  9:31  Roach  
  155  9:32  Roach x2  
  155  9:38  Ravager x2  
  162  9:39  Ravager x2  
  162  9:40  Ravager, Overlord  
  162  9:41  Overlord  
  166  9:46  Ravager  
  166  9:49  Extractor  
  166  9:53  Drone x2  
  166  9:54  Drone  
  166  9:55  Overlord x2  
  169  10:00  Drone  
  169  10:01  Roach x3  
  169  10:03  Ravager  
  169  10:07  Roach x3  
Show
View Real Time Build Order
Export as new Build Order

AGOElazer Zerg 

Build Orders: Hatch First 

Get SALT Encoding   

  12  0:00  Drone  
  13  0:12  Overlord  
  13  0:17  Drone  
  14  0:30  Drone x2  
  16  0:47  Hatchery  
  15  0:50  Drone  
  15  0:54  Drone  
  17  1:08  Spawning Pool  
  16  1:12  Extractor, Drone  
  16  1:15  Drone  
  17  1:19  Drone  
  18  1:28  Drone  
  19  1:39  Drone  
  20  1:49  Drone  
  21  1:59  Queen, Overlord  
  21  2:00  Queen  
  25  2:01  Drone  
  26  2:11  Drone  
  26  2:12  Zergling x2, Metabolic Boost  
  28  2:21  Drone x2  
  30  2:32  Drone  
  30  2:36  Hatchery  
  30  2:40  Zergling x2  
  31  2:44  Drone  
  31  2:46  Overlord  
  32  2:53  Zergling x2  
  32  2:54  Drone  
  34  3:04  Drone x2  
  36  3:10  Zergling x12  
  42  3:22  Overlord  
  42  3:23  Queen  
  44  3:28  Drone, Roach Warren  
  44  3:34  Overlord  
  44  3:40  Zergling x6  
  46  3:45  Zergling x6  
  49  3:48  Zergling x2  
  49  3:49  Zergling x2  
  49  3:52  Zergling x4  
  50  4:07  Overlord  
  50  4:08  Roach  
  50  4:09  Roach x2  
  56  4:18  Roach  
  56  4:19  Roach  
  59  4:28  Roach x2, Queen  
  65  4:36  Roach  
  67  4:38  Overlord  
  67  4:40  Extractor  
  67  4:44  Roach  
  69  4:48  Overlord  
  69  4:58  Roach x3  
  75  5:03  Ravager  
  75  5:05  Overlord  
  76  5:09  Roach  
  76  5:13  Zergling x4  
  80  5:19  Queen  
  82  5:25  Zergling x4  
  84  5:33  Hatchery  
  83  5:39  Zergling x10  
  87  5:50  Zergling x4  
  83  5:57  Overlord  
  83  5:59  Queen  
  83  6:03  Drone  
  80  6:06  Drone x2  
  80  6:08  Evolution Chamber  
  72  6:23  Drone x2  
  74  6:31  Roach, Overlord  
  74  6:32  Roach x3  
  82  6:37  Roach  
  78  6:46  Roach  
  65  6:51  Zerg Missile Weapons Level 1  
  65  6:52  Extractor  
  62  6:54  Roach  
  62  6:57  Roach  
  62  6:58  Drone x2  
  62  6:59  Drone  
  67  7:02  Drone  
  67  7:03  Drone x2  
  70  7:09  Drone x2  
  70  7:10  Drone  
  73  7:17  Overlord  
  73  7:19  Drone x2  
  73  7:20  Drone x2, Queen  
  73  7:21  Extractor, Drone  
  79  7:28  Overlord  
  79  7:29  Drone  
  80  7:30  Extractor  
  80  7:34  Drone  
  80  7:35  Drone x2  
  80  7:36  Lair, Drone  
  82  7:39  Drone  
  82  7:40  Drone  
  85  7:44  Drone  
  85  7:51  Drone x2  
  85  7:52  Drone  
  85  7:53  Overlord  
  85  7:54  Roach  
  90  8:00  Overlord  
  90  8:03  Roach  
  90  8:04  Roach  
  92  8:08  Roach x4  
  92  8:12  Roach  
  102  8:15  Roach  
  105  8:20  Roach  
  105  8:23  Spine Crawler  
  105  8:24  Roach  
  105  8:25  Roach x3  
  113  8:29  Extractor  
  113  8:31  Roach  
  113  8:32  Roach  
  116  8:36  Overlord  
  116  8:37  Glial Reconstitution  
  116  8:39  Roach  
  116  8:40  Roach x2  
  122  8:44  Drone x3  
  122  8:47  Drone  
  126  8:50  Drone x2  
  126  8:52  Overlord  
  126  8:54  Drone  
  126  8:55  Drone  
  130  8:58  Extractor, Drone x2  
  130  9:00  Drone  
  130  9:10  Ravager  
  130  9:11  Ravager x3  
  130  9:13  Roach  
  130  9:15  Overlord  
  128  9:25  Roach x7  
  142  9:36  Pneumatized Carapace  
  142  9:39  Hatchery  
  141  9:46  Roach  
  141  9:47  Roach x5  
  141  9:48  Overseer  
  141  9:52  Roach x2  
  157  9:55  Overlord  
  157  9:59  Roach x3  
  163  10:00  Ravager  
  163  10:04  Roach x2  
  164  10:16  Roach  
Tags
 
Add a new tag
Caveats
  • Supply blocks, unpowered buildings, or Contaminate may cause inaccurate times.
  • Supply counts are checked every 10 seconds.